 Dungeon Crawl Stone Soup version 0.30.0-20-g3615ddf2f0 (webtiles) character file.

Game seed: 2928581423973156463

220 qw the Chopper (level 5, -6/33 HPs)
             Began as a Gargoyle Fighter on June 1, 2023.
             Killed from afar by a steam dragon (10 damage)
             ... with a ball of steam
             ... on level 4 of the Dungeon.
             The game lasted 00:01:26 (3010 turns).

qw the Chopper (Gargoyle Fighter)                   Turns: 3010, Time: 00:01:26

Health: -6/33      AC: 13    Str: 22    XL:     5   Next: 97%
Magic:  5/5        EV:  8    Int:  8    God:
Gold:   124        SH:  4    Dex:  9    Spells: 4/4 levels left

rFire   . . .        Y - +0 war axe
rCold   . . .        c - +0 buckler
rNeg    + . .        f - +0 chain mail
rPois   inf          (no helmet)
rElec   +            (no cloak)
rCorr   .            (no gloves)
SInv    .            (no boots)
Will    .....        (no amulet) Stlth
                     (no ring)
HPRegen 0.25/turn    (no ring)
MPRegen 0.09/turn

%: no passive effects
@: no status effects
A: sickness immunity, AC +4, negative energy resistance 1, electricity
resistance, torment resistance 1, petrification resistance
a: no special abilities


You were on level 4 of the Dungeon.
You visited 1 branch of the dungeon, and saw 4 of its levels.

You collected 124 gold pieces.


Innate Abilities, Weirdness & Mutations

You are immune to sickness and miasma.
Your stone body is resilient. (AC +4)
You are immune to poison.
You resist negative energy. (rN+)
You are resistant to electric shocks. (rElec)
You are resistant to unholy torment.
You are immune to petrification.


   Skills:
 + Level 3.9 Fighting
 - Level 5.0 Axes
 - Level 1.0 Throwing
 - Level 3.2 Armour
 - Level 3.2 Shields


You had 4 spell levels left.
You didn't know any spells.
Your spell library was empty.

Inventory:

Hand Weapons
 a - a +0 flail
 Y - a +0 war axe (weapon)
Missiles
 h - 6 javelins (quivered)
Armour
 b - a +0 helmet
 c - a +0 buckler (worn)
 f - a +0 chain mail (worn)
Scrolls
 l - a scroll of identify
Potions
 d - 2 potions of might
 g - a potion of mutation {unknown}
 i - a potion of berserk rage {unknown}
 k - a potion of degeneration {unknown}

Dungeon Overview and Level Annotations

Branches:
Dungeon (4/15)
 Temple: D:4-7

Altars:
Cheibriados
Trog

Portals:
Abyss: D:3

Annotations:
D:3 2 transporters, qw's ghost, amateur GrFi


Message History

You throw a javelin. The javelin closely misses the goblin.
A goblin comes into view. It is wielding a +0 club.
You slash the goblin!
You kill the goblin!
You throw a javelin. The javelin pierces through the goblin!
You kill the goblin!
Things that are here:
a +0 club; a goblin corpse
h - 4 javelins (gained 1)
Things that are here:
a +0 club; a goblin corpse
Things that are here:
a +0 dagger; a +0 sling; a goblin corpse
Things that are here:
a +0 club; a goblin corpse
h - 7 javelins (gained 3)
Found a stone staircase leading up.
Found 3 stones.
A steam dragon comes into view.
Found a scroll of blinking.
The steam dragon breathes steam at you. The ball of steam misses you.
You are engulfed in a cloud of scalding steam.
You start resting.
You throw a javelin.
The javelin closely misses the steam dragon.
The steam dragon breathes steam at you. The ball of steam hits you!
3007 ||| Stepping ~*~*~tactically~*~*~ (cloud).
You hit the steam dragon but do no damage.
The steam dragon bites you. You block the steam dragon's attack.
You completely miss the steam dragon.
You are engulfed in a cloud of scalding steam.
The steam dragon bites you.
The steam dragon claws you but does no damage.
You slash the steam dragon!
The steam dragon is moderately wounded.
The steam dragon breathes steam at you. The ball of steam hits you!
You die...

#..?. #(#.# #(#.#
##.# #.#.# #... #$.[
#.:# #..# #..# #?D#
#..# # #ยค@# #..#
#.#..# #..#
#.#..######.######...
#.......?...[...<....
###.##############.#.
#.# #.#. #.# #.#. #.#
#.#. #.# #.#.


You could see a steam dragon (catching breath).

Vanquished Creatures
  An orc wizard (D:3)
  Robin (D:4)
  5 adders
  4 gnolls
  A worm (D:2)
  3 dart slugs (D:1)
  6 orcs (D:3)
  3 endoplasms (D:2)
  3 giant cockroaches
  17 goblins
  7 hobgoblins
  3 jackals (D:3)
  2 quokkas (D:2)
  10 ball pythons
  8 bats
  3 frilled lizards (D:2)
  2 kobolds (D:2)
  9 rats
88 creatures vanquished.

Notes
Turn   | Place    | Note
-------+----------+-------------------------------------------
     0 | D:1      | qw the Gargoyle Fighter began the quest for the Orb.
     0 | D:1      | Reached XP level 1. HP: 14/14 MP: 1/1
     0 | D:1      | 0 ||| qw: Version: 0.2-a-102-gdf20003
     0 | D:1      | 0 ||| qw: Game counter: 716
     0 | D:1      | 0 ||| qw: Always use a shield: true
     0 | D:1      | 0 ||| qw: God list: Okawaru
     0 | D:1      | 0 ||| qw: Allow faded altars: false
     0 | D:1      | 0 ||| qw: Do Orc after D:15 true
     0 | D:1      | 0 ||| qw: Do second Lair branch before Depths: true
     0 | D:1      | 0 ||| qw: Lair rune preference: random
     0 | D:1      | 0 ||| qw: Plans: Normal, Zot:1-4, Slime:5, God:TSO, Crypt,
                  | Tomb, Pan, Hells, Abyss, Win
     0 | D:1      | 0 ||| PLANNING D:1-11
    58 | D:1      | Reached skill level 2 in Axes
   234 | D:1      | 234 ||| Stepping ~*~*~tactically~*~*~ (hiding).
   238 | D:1      | 238 ||| Stepping ~*~*~tactically~*~*~ (hiding).
   240 | D:1      | 240 ||| Stepping ~*~*~tactically~*~*~ (hiding).
   246 | D:1      | Reached XP level 2. HP: 19/19 MP: 2/2
   474 | D:1      | 474 ||| Stepping ~*~*~tactically~*~*~ (stealth).
   489 | D:1      | 489 ||| Stepping ~*~*~tactically~*~*~ (stealth).
   536 | D:1      | 536 ||| Stepping ~*~*~tactically~*~*~ (stealth).
   539 | D:1      | 539 ||| Stepping ~*~*~tactically~*~*~ (stealth).
   569 | D:1      | 569 ||| Stepping ~*~*~tactically~*~*~ (hiding).
   578 | D:1      | Reached skill level 3 in Axes
   727 | D:1      | Reached XP level 3. HP: 23/23 MP: 3/3
   811 | D:1      | 811 ||| READING scroll labelled ALOIMNIJ TERUEPS.
   825 | D:1      | 825 ||| READING scroll labelled WOUTUIHEST.
   866 | D:2      | 866 ||| FLEEEEING.
   867 | D:2      | 867 ||| STAIRDANCE
   916 | D:2      | 916 ||| STAIRDANCE
   925 | D:1      | HP: 3/23 [gnoll/+0 flail (7)]
  1012 | D:1      | 1012 ||| DROPPING +0 club.
  1027 | D:2      | 1027 ||| Stepping ~*~*~tactically~*~*~ (stealth).
  1028 | D:2      | 1028 ||| Stepping ~*~*~tactically~*~*~ (stealth).
  1058 | D:2      | Reached XP level 4. HP: 28/28 MP: 4/4
  1417 | D:2      | Reached skill level 1 in Throwing
  1431 | D:2      | Reached skill level 4 in Axes
  1582 | D:2      | 1582 ||| Stepping ~*~*~tactically~*~*~ (stealth).
  1753 | D:2      | 1753 ||| DROPPING ring of wizardry.
  1754 | D:2      | 1754 ||| READING scroll labelled BADU ZEUSTUGILEKHLO.
  1755 | D:2      | 1755 ||| READING scroll labelled SOPRUYTH MYWAI.
  1760 | D:2      | 1760 ||| READING scroll labelled RUTRUL TAOCEUWE.
  1798 | D:3      | Reached XP level 5. HP: 29/32 MP: 5/5
  1846 | D:3      | 1846 ||| Stepping ~*~*~tactically~*~*~ (stealth).
  1848 | D:3      | 1848 ||| Stepping ~*~*~tactically~*~*~ (stealth).
  1860 | D:3      | 1860 ||| Stepping ~*~*~tactically~*~*~ (stealth).
  1977 | D:3      | Found a snail-covered altar of Cheibriados.
  1980 | D:3      | 1980 ||| Stepping ~*~*~tactically~*~*~ (hiding).
  1983 | D:3      | 1983 ||| Stepping ~*~*~tactically~*~*~ (hiding).
  2236 | D:3      | 2236 ||| Stepping ~*~*~tactically~*~*~ (stealth).
  2292 | D:3      | Found a transporter.
  2318 | D:3      | Found a one-way gate to the infinite horrors of the Abyss.
  2318 | D:3      | Noticed qw's ghost (amateur GrFi)
  2339 | D:3      | Noticed a small abomination
  2398 | D:3      | Found a transporter.
  2412 | D:3      | Found a bloodstained altar of Trog.
  2683 | D:3      | Reached skill level 5 in Axes
  2829 | D:3      | 2829 ||| UPGRADING to +0 chain mail.
  2839 | D:3      | 2839 ||| DROPPING +0 scale mail.
  2840 | D:3      | 2840 ||| DROPPING ring of flight.
  2841 | D:3      | 2841 ||| READING scroll labelled VEZ GEATRILI.
  2900 | D:4      | Noticed Robin
  2908 | D:4      | Killed Robin
  2918 | D:4      | 2918 ||| Stepping ~*~*~tactically~*~*~ (hiding).
  2940 | D:4      | 2940 ||| Stepping ~*~*~tactically~*~*~ (stealth).
  3002 | D:4      | Noticed a steam dragon
  3007 | D:4      | 3007 ||| Stepping ~*~*~tactically~*~*~ (cloud).
  3009 | D:4      | HP: 5/33 [steam dragon] (8)]
  3010 | D:4      | Killed from afar by a steam dragon

Levels and vault maps discovered:
D:1:      eino_arrival_water_cross, layout_loops_cross
D:2:      layout_loops_ring
D:3:      layout_loops_corners, mainiacjoe_overflow_catch_the_wave,
          gammafunk_ghost_abyssal_escape
D:4:      layout_loops_ring, corner_web_ring, kennysheep_flooded_box, uniq_robin

Skill      XL: |  1  2  3  4  5 |
---------------+----------------+-----
Axes           | 2 3 4 5 |  5.0
Throwing       | 1 |  1.0
Fighting       | |  3.9
Armour         | |  3.2
Shields        | |  3.2

Action                     |  1- 3 |  4- 6 || total
---------------------------+-------+-------++-------
  Melee: War axe           |    78 |   136 ||   214
  Throw: Javelin           |       |    45 ||    45
    Use: Scroll            |     2 |     4 ||     6
 Armour: Scale mail        |    44 |    52 ||    96
         Chain mail        |       |     5 ||     5
  Dodge: Dodged            |    46 |    50 ||    96
  Block: Buckler           |    12 |    24 ||    36

Table legend:
 A = Non-vault XP
 B = Vault XP
 C = Vault XP percentage of total XP
 D = Non-vault monster count
 E = Vault monster count
 F = Vault count percentage of total count
                 A         B        C        D         E       F
            +---------+---------+-------+---------+---------+-------
      Total |     279 |      36 |  11.4 |      76 |      12 |  13.6
            +---------+---------+-------+---------+---------+-------
        D:1 |      62 |       0 |   0.0 |      20 |       0 |   0.0
        D:2 |      99 |       0 |   0.0 |      31 |       0 |   0.0
        D:3 |     103 |       0 |   0.0 |      23 |       0 |   0.0
        D:4 |      15 |      36 |  70.6 |       2 |      12 |  85.7
            +---------+---------+-------+---------+---------+-------
